 Dungeon Crawl Stone Soup version 0.18-a0-1481-g708b138 (webtiles) character file.

11 4thArraOfDagon the Gusty (level 2, 0/15 HPs)
             Began as a Kobold Air Elementalist on Mar 2, 2016.
             Slain by a ball python (2 damage)
             ... on level 3 of the Dungeon.
             The game lasted 00:02:46 (373 turns).

4thArraOfDagon the Gusty (Kobold Air Elementalist)   Turns: 373, Time: 00:02:46

Health: 0/15       AC:  3    Str:  6    XL:     2   Next: 40%
Magic:  0/5        EV: 12    Int: 18    God:
Gold:   43         SH:  0    Dex: 16    Spells: 2 memorised, 2 levels left

rFire  . . .     SeeInvis .     (weapon restricted)
rCold  . . .     Gourm    .     a - +0 robe
rNeg   . . .     Faith    .     (shield restricted)
rPois  .         Spirit   .     h - +0 helmet
rElec  .         Dismiss  .     (no cloak)
rCorr  .         Reflect  .     (no gloves)
SustAt .         Harm     .     (no boots)
MR     .....                    g - amulet of inaccuracy (curse)
Stlth  ++........               (no ring)
                                (no ring)

@: brilliant, very slightly contaminated, constricted, repel missiles, not
resistant to hostile enchantments, unstealthy
A: carnivore 3
a: no special abilities


You were on level 3 of the Dungeon.
You were completely stuffed.

You visited 1 branch of the dungeon, and saw 3 of its levels.

You collected 43 gold pieces.

Inventory:

Missiles
 l - a throwing net (quivered)
Armour
 a - a +0 robe (worn)
 h - a +0 helmet (worn)
Jewellery
 g - a cursed amulet of inaccuracy (around neck)
Scrolls
 i - a scroll of enchant weapon
Potions
 e - a potion of lignification
 k - a potion of resistance {unknown}
Books
 b - a book of Air

   Spells                             Type                      Level
   a - Shock                          Conjuration/Air              1
   b - Swiftness                      Charms/Air                   2
   c - Repel Missiles                 Charms/Air                   2
   d - Static Discharge               Conjuration/Air              3
   e - Lightning Bolt                 Conjuration/Air              5
Comestibles
 c - a meat ration
 f - 3 chunks of flesh


   Skills:
 - Level 2.4 Dodging
 - Level 2.6 Stealth
 - Level 2.0 Spellcasting
 * Level 1.3 Conjurations
 * Level 3.4 Air Magic


You had 2 spell levels left.
You knew the following spells:

 Your Spells              Type           Power        Failure   Level  Hunger
a - Shock                 Conj/Air       ###.         1%          1    #......
b - Repel Missiles        Chrm/Air       ###...       1%          2    ###....


Dungeon Overview and Level Annotations

Branches:
Dungeon (3/15)

Altars:

Annotations:
D:2 Robin
D:3 Grinder


Innate Abilities, Weirdness & Mutations

You are small and have problems with some larger weapons.
You are carnivorous and can eat meat at any time.


Message History

Unknown command.
Your attempt to break free from the ball python fails, but you feel that another attempt might succeed.
The ball python bites you.
* * * LOW HITPOINT WARNING * * *
The ball python constricts you.
Unknown command.
You hit the ball python but do no damage.
The ball python is moderately wounded.
The ball python closely misses you. The ball python constricts you.
You closely miss the ball python.
The ball python is moderately wounded.
The ball python bites you but does no damage.
* * * LOW HITPOINT WARNING * * *
The ball python constricts you.
Unknown command.
Drink which item? (? for menu, Esc to quit)
It was a potion of brilliance.
You feel clever all of a sudden. The ball python bites you.
You die...

...# #.# ....<.. ... ...
..#..## ###.###.# ..?...
5.......
#..o.#########...#..
....#.......#.<.#..
#...#.....#.#......
#.........#.#..#...
.#.##.@##.....#)#..#...
...(...>S)..............
##########.....######..#
.......((............
########.#'##########
#.#.# #.#.# #.#.# #.#.#


You could see an orc and a ball python.

Vanquished Creatures
  A dart slug (D:2)
  A goblin (D:3)
  3 hobgoblins
  2 kobolds
  A bat (D:1)
  A rat (D:1)
9 creatures vanquished.

Notes
Turn   | Place    | Note
--------------------------------------------------------------
     0 | D:1      | 4thArraOfDagon the Kobold Air Elementalist began the quest for the Orb.
     0 | D:1      | Reached XP level 1. HP: 10/10 MP: 3/3
    17 | D:1      | Reached skill level 1 in Conjurations
   164 | D:2      | Reached XP level 2. HP: 7/15 MP: 0/5
   249 | D:2      | Noticed Robin
   254 | D:3      | Noticed Grinder
   331 | D:3      | Learned a level 2 spell: Repel Missiles
   373 | D:3      | Slain by a ball python

Vault maps used:
D:1:      roderic_octagonal_star
D:2:      first_bread, minmay_misc_feat_tiny, nicolae_tso_swordbearing_angel,
          uniq_robin
D:3:      old_standard_altar, uniq_grinder

Skill      XL: |  1 |
---------------+----+-----
Conjurations   | 1 |  1.3
Dodging        | |  2.4
Stealth        | |  2.6
Spellcasting   | |  2.0
Air Magic      | |  3.4

Action                   || total
-------------------------++-------
Melee: Unarmed           ||    25
 Cast: Shock             ||    17
       Repel Missiles    ||     1
  Use: Scroll            ||     3
       Potion            ||     2
  Eat: Chunk             ||     7
